 Seeded DCSS version 0.29.1-15-g9cfb28693d (webtiles) character file.

Game seed: 8789679239220866035 (custom seed)

107 Giavanni the Slasher (level 4, 0/37 HPs)
             Began as a Minotaur Gladiator on Mar 31, 2023.
             Was a Believer of Makhleb.
             Slain by a lemure (7 damage)
             ... led by Pikel
             ... on level 4 of the Dungeon.
             The game lasted 00:02:37 (3221 turns).

Giavanni the Slasher (Minotaur Gladiator)           Turns: 3221, Time: 00:02:38

Health: 0/37       AC:  3    Str: 20    XL:     4   Next: 57%
Magic:  3/3        EV: 12    Int:  5    God:    Makhleb [**....]
Gold:   132        SH:  0    Dex: 12    Spells: 3/3 levels left

rFire   . . .      SeeInvis .   k - +11 plutonium sword {Contam Stlth-}
rCold   . . .      Faith    .   (shield currently unavailable)
rNeg    . . .      Spirit   .   b - +0 leather armour
rPois   .          Reflect  .   c - +0 hat
rElec   .          Harm     .   (no cloak)
rCorr   .          Rampage  .   (no gloves)
Will    .....                   (no boots)
Stlth   ..........              (no amulet)
HPRegen 0.12/turn               (no ring)
MPRegen 0.08/turn               (no ring)

@: no status effects
A: horns 2, retaliatory headbutt
a: Renounce Religion, Minor Destruction


You were on level 4 of the Dungeon.
You worshipped Makhleb.
Makhleb was pleased with you.
You visited 1 branch of the dungeon, and saw 4 of its levels.

You collected 132 gold pieces.

Inventory:

Hand Weapons
 a - a +0 long sword
 k - the +11 plutonium sword (weapon) {Contam Stlth-}
   (You found it on level 1 of the Dungeon)

   It occasionally inflicts wild transmutation effects on those it strikes,
   inflicting malmutation or extra damage, or polymorphing them into a new form.
   Contam:    It causes magical contamination when unequipped.
   Stlth:     It makes you less stealthy.
Missiles
 d - 3 throwing nets (quivered)
 e - a javelin
Armour
 b - a +0 leather armour (worn)
 c - a +0 hat (worn)
Jewellery
 j - a ring of poison resistance
Scrolls
 f - 6 scrolls of identify {unknown}
 g - 2 scrolls of brand weapon {unknown}
 h - a scroll of teleportation {unknown}
 l - a scroll of magic mapping {unknown}
 m - a scroll of vulnerability {unknown}
 n - a scroll of enchant armour {unknown}
 o - a scroll of summoning {unknown}
 q - a scroll of poison {unknown}


   Skills:
 - Level 2.4 Fighting
 + Level 6.0 Long Blades
 - Level 2.0 Throwing
 + Level 2.0 Armour
 - Level 3.2 Dodging
 + Level 0.1 Stealth


You had 3 spell levels left.
You didn't know any spells.
Your spell library contained the following spells:

 Spells                   Type           Power      Damage    Failure   Level
 Scorch                   Fire           0%         2d5       67%         2
 Flame Wave               Conj/Fire      0%         2d4       99%         4
 Summon Cactus Giant      Summ           0%         N/A       100%        6


Dungeon Overview and Level Annotations

Branches:
Dungeon (4/15)
 Temple: D:4-7

Altars:
Makhleb
Nemelex Xobeh

Annotations:
D:4 Pikel


Innate Abilities, Weirdness & Mutations

You have a pair of horns on your head.
You reflexively headbutt those who attack you in melee.


Message History

* * * LOW HITPOINT WARNING * * *
The gnoll hits you from afar with a +0 spear.
* * * LOW HITPOINT WARNING * * *
A gnoll comes into view. It is wielding a +0 spear.
Unknown command.
It was a potion of heal wounds.
You feel much better.
The gnoll shouts!
The orc hits you with a +0 hand axe. The gnoll barely misses you.
You closely miss the orc. The orc misses you. You furiously retaliate!
You headbutt the orc!
You kill the orc!
Makhleb accepts your kill.
You feel better.
The gnoll hits you from afar with a +0 spear. x2
Unknown command.
Unknown command.
Aiming: Minor Destruction (24% risk of failure)
Press: ? - help, Shift-Dir - straight line, f - gnoll
Aim: a gnoll, wielding a +0 spear The glob of acid hits the gnoll!
The acid splashes onto the gnoll!
The gnoll is splashed with acid.
The gnoll is severely wounded.
The gnoll hits you from afar with a +0 spear.
You start to feel less resistant.
There is an open door here.
Your resistance to elements expires.
There is a stone staircase leading down here.
The gnoll hits you from afar with a +0 spear.
You climb downwards.
You hear the sound of rushing water.
There is an entrance to a sewer on this level.
Hurry and find it before the portal rusts away!
Pikel shouts!
The lemure shouts! x4; You hear an angry hiss.
Found 11 gold pieces and a scroll labelled ZOHEUSHR NE TOY.
There is a stone staircase leading up here.
Unknown command.
Unknown command.
The lemure hits you.
* * * LOW HITPOINT WARNING * * *
The lemure hits you!
You die...

...#.~
..~~~
#...#######
#.........#
#..........
#....5....#
#..K5.....#
#..@.$.5..#
##..5######
#...##
.....$
.......
..........
.........?
...........


You could see Pikel and 4 lemures.

Vanquished Creatures
  Natasha (D:2)
  2 adders
  2 worms (D:2)
  2 dart slugs (D:2)
  An orc (D:3)
  2 endoplasms
  2 giant cockroaches (D:2)
  10 hobgoblins
  3 jackals (D:1)
  4 kobolds
  3 quokkas
  A ball python (D:2)
  2 bats
  3 frilled lizards
  9 goblins
  3 rats
50 creatures vanquished.

Vanquished Creatures (others)
  5 plants (D:1)
5 creatures vanquished.

Grand Total: 55 creatures vanquished

Notes
Turn   | Place    | Note
-------+----------+-------------------------------------------
     0 | D:1      | Giavanni the Minotaur Gladiator began the quest for the
                  | Orb.
     0 | D:1      | Reached XP level 1. HP: 18/18 MP: 0/0
   229 | D:1      | Reached skill level 4 in Long Blades
   315 | D:1      | Reached XP level 2. HP: 22/25 MP: 1/1
   714 | D:1      | Found the +11 plutonium sword {Contam Stlth-}
  1375 | D:1      | Found a faded altar of an unknown god.
  1378 | D:1      | Reached skill level 5 in Long Blades
  1383 | D:1      | Prayed at the altar of an unknown god.
  1383 | D:1      | Became a worshipper of Makhleb the Destroyer
  1383 | D:1      | Reached * piety under Makhleb
  1400 | D:1      | Reached XP level 3. HP: 30/30 MP: 2/2
  1678 | D:2      | Noticed Natasha
  1689 | D:2      | Killed Natasha
  1690 | D:2      | Reached skill level 1 in Armour
  2044 | D:2      | Reached XP level 4. HP: 36/37 MP: 3/3
  2323 | D:2      | Reached ** piety under Makhleb
  2820 | D:3      | Reached skill level 6 in Long Blades
  3033 | D:3      | Found a sparkling altar of Nemelex Xobeh.
  3220 | D:4      | Noticed Pikel
  3220 | D:4      | Noticed a lemure
  3220 | D:4      | Noticed a lemure
  3220 | D:4      | Noticed a lemure
  3220 | D:4      | Noticed a lemure
  3221 | D:4      | Slain by a lemure

Illustrated notes

Levels and vault maps discovered:
D:1:      minmay_arrival_checkered_box, layout_loops_corners,
          chequers_ecumenical_altar_lobes, minivault_5, dreamdust_wishing_well,
          amcnicky_mini_corridor_feature, serial_bayou_pond_c
D:2:      layout_basic, uniq_natasha
D:3:      layout_loops_corners, nemelex_diamond_rough_becter, st_stairs_3
D:4:      layout_rooms, nicolae_gozag_zags_fifth_avenue, gup_sewer_entry_pipe,
          uniq_edmund, uniq_sigmund, uniq_pikel

Skill      XL: |  1  2  3  4 |
---------------+-------------+-----
Long Blades    | 4 5 6 |  6.0
Armour         | 1 2 |  2.0
Fighting       | |  2.4
Throwing       | |  2.0
Dodging        | |  3.2
Stealth        | |  0.1

Action                   |  1- 3 |  4- 6 || total
-------------------------+-------+-------++-------
Melee: Long sword        |    32 |       ||    32
       Headbutt          |     5 |     2 ||     7
       Triple sword      |    28 |    20 ||    48
Invok: Minor Destruction |       |     1 ||     1
  Use: Potion            |       |     2 ||     2
Armor: Leather armour    |    12 |     3 ||    15
Dodge: Dodged            |    33 |    11 ||    44
